 Dungeon Crawl Stone Soup version 0.23-a0-119-ga86c9e7 (webtiles) character file.

1533 Amnesiac the Gusty (level 8, 0/52 HPs)
             Began as a Mummy Air Elementalist on Aug 24, 2018.
             Was a Believer of Kikubaaqudgha.
             Slain by Harold
             ... wielding a +0 dire flail
              (10 damage)
             ... on level 7 of the Dungeon.
             The game lasted 00:10:12 (5435 turns).

Amnesiac the Gusty (Mummy Air Elementalist)         Turns: 5435, Time: 00:10:13

Health: 0/52       AC:  5    Str: 11    XL:     8   Next: 55%
Magic:  0/17       EV: 11    Int: 16    God:    Kikubaaqudgha [**....]
Gold:   271        SH:  0    Dex: 13    Spells: 5/20 levels left

rFire    x . .     SeeInvis +   e - +1 whip (pain)
rCold    + . .     Gourm    .   (no shield)
rNeg     + + +     Faith    .   b - +0 troll leather armour
rPois    ∞         Spirit   .   (no helmet)
rElec    .         Reflect  .   i - +0 cloak
rCorr    .         Harm     .   (no gloves)
MR       +....                  (no boots)
Stlth    +++.......             (no amulet)
HPRegen  0.57/turn              g - ring of see invisible
MPRegen  0.15/turn              p - ring of stealth

@: marked
A: no food or potions, fire vulnerability, cold resistance 1, negative energy
resistance 3, torment resistance, unbreathing
a: Receive Corpses, Renounce Religion


You were on level 7 of the Dungeon.
You worshipped Kikubaaqudgha.
Kikubaaqudgha was pleased with you.
You were not hungry.

You visited 1 branch of the dungeon, and saw 7 of its levels.

You collected 271 gold pieces.

Inventory:

Hand Weapons
 e - a +1 whip of pain (weapon)
 j - a +4 quarterstaff of chaos
Armour
 b - a +0 troll leather armour (worn)
 i - a +0 cloak (worn)
 n - a +0 pair of boots
Jewellery
 g - a ring of see invisible (left hand)
 p - a ring of stealth (right hand)
Wands
 k - a wand of disintegration (12)
 r - a wand of paralysis (1)
Scrolls
 a - 2 scrolls of enchant weapon {!r, unknown}
 c - a scroll of immolation {!r, unknown}
 d - 2 scrolls of teleportation {!r, unknown}
 f - 6 scrolls of identify {!r, unknown}
 h - 2 scrolls of enchant armour {!r, unknown}
 l - 3 scrolls of blinking {!r, unknown}
 m - 4 scrolls of remove curse {!r, unknown}
 o - 2 scrolls of fear {!r, unknown}
 q - a scroll of noise {!r, unknown}


   Skills:
 - Level 1.5 Dodging
 - Level 1.5 Stealth
 + Level 6.5 Spellcasting
 - Level 0.7 Conjurations
 + Level 5.9 Necromancy
 * Level 6.6 Air Magic


You had 5 spell levels left.
You knew the following spells:

 Your Spells              Type           Power        Failure   Level  Hunger
a - Vampiric Draining     Necr           ###.......   4%          3    N/A
b - Shock                 Conj/Air       ###.         3%          1    N/A
c - Lightning Bolt        Conj/Air       ###.......   71%         5    N/A
d - Airstrike             Air            ####......   11%         4    N/A
z - Swiftness             Chrm/Air       ###.....     7%          2    N/A

Your spell library contained the following spells:

 Spells                   Type           Power        Failure   Level  Hunger
 Animate Skeleton         Necr           N/A          1%          1    N/A
 Pain                     Necr           ###.         1%          1    N/A
 Corpse Rot               Necr           N/A          2%          2    N/A
 Static Discharge         Conj/Air       ###.....     12%         3    N/A

Dungeon Overview and Level Annotations

Branches:
Dungeon (7/15)             Temple (0/1) D:7

Altars:
Cheibriados
Elyvilon
Hepliaklqana
Kikubaaqudgha
Makhleb
Nemelex Xobeh
Qazlal
Ru
Xom
Yredelemnul
Zin

Shops:
D:5 ?

Annotations:
D:7 2 transporters, Harold


Innate Abilities, Weirdness & Mutations

You do not eat or drink.
Your flesh is vulnerable to fire.
You are immune to poison.
Your flesh is cold resistant. (rC+)
You are immune to negative energy. (rN+++)
You are immune to unholy pain and torment.
You can survive without breathing.


Message History

Casting: Shock (safe; 3% risk of failure)
Confirm with . or Enter, or press ? or * to list all spells.
Okay, then.
Casting: Shock (safe; 3% risk of failure)
Confirm with . or Enter, or press ? or * to list all spells.
Aiming: Vampiric Draining (safe; 4% risk of failure)
Press: ? - help, Shift-Dir - straight line, f/p - Harold
Aim: Harold, wielding a dire flail and wearing a chain mail (lightly wounded) Harold is moderately wounded.
You feel life coursing into your body.
You hear a distant slurping noise.
Harold hits you with a dire flail!
Casting: Vampiric Draining (safe; 4% risk of failure)
Confirm with . or Enter, or press ? or * to list all spells.
Aiming: Vampiric Draining (safe; 4% risk of failure)
Press: ? - help, Shift-Dir - straight line, f/p - Harold
Aim: Harold, wielding a dire flail and wearing a chain mail (lightly wounded) Harold is moderately wounded.
You feel life coursing into your body. Harold completely misses you.
Evoke which item? (* to show all) (? for menu, Esc to quit)
Aiming: Paralyse
Press: ? - help, Shift-Dir - straight line, f/p - Harold
Aim: Harold, wielding a dire flail and wearing a chain mail (moderately wounded, chance to defeat MR: 15%) Harold resists with almost no effort.
Harold hits you with a dire flail!!
* * * LOW HITPOINT WARNING * * *
Casting: Vampiric Draining (safe; 4% risk of failure)
Confirm with . or Enter, or press ? or * to list all spells.
Aiming: Vampiric Draining (safe; 4% risk of failure)
Press: ? - help, Shift-Dir - straight line, f/p - Harold
Aim: Harold, wielding a dire flail and wearing a chain mail (moderately wounded) Harold is heavily wounded.
You feel life coursing into your body.
Harold points at you and mumbles some strange words.
A sentinel's mark forms upon you.
Casting: Vampiric Draining (safe; 4% risk of failure)
Confirm with . or Enter, or press ? or * to list all spells.
Aiming: Vampiric Draining (safe; 4% risk of failure)
Press: ? - help, Shift-Dir - straight line, f/p - Harold
Aim: Harold, wielding a dire flail and wearing a chain mail (heavily wounded) Harold is heavily wounded.
You feel life coursing into your body. Harold hits you with a dire flail!!
* * * LOW HITPOINT WARNING * * *
Casting: Vampiric Draining (safe; 4% risk of failure)
Confirm with . or Enter, or press ? or * to list all spells.
Aiming: Vampiric Draining (safe; 4% risk of failure)
Press: ? - help, Shift-Dir - straight line, f/p - Harold
Aim: Harold, wielding a dire flail and wearing a chain mail (heavily wounded) Harold is severely wounded.
You feel life coursing into your body. Harold hits you with a dire flail!
* * * LOW HITPOINT WARNING * * *
Unknown command.
Casting: Vampiric Draining (safe; 4% risk of failure)
Confirm with . or Enter, or press ? or * to list all spells.
You don't have enough magic to cast that spell.
Unknown command.
Casting: Vampiric Draining (safe; 4% risk of failure)
Confirm with . or Enter, or press ? or * to list all spells.
Aiming: Vampiric Draining (safe; 4% risk of failure)
Press: ? - help, Shift-Dir - straight line, f/p - Harold
Aim: Harold, wielding a dire flail and wearing a chain mail (severely wounded) Harold is almost dead.
You feel life coursing into your body. Harold hits you with a dire flail!
You die...
Kikubaaqudgha rasps: "You have failed me!
Welcome... oblivion!"

#############
#...........#
#(#########.# # #.#
#.# #.. #.# #.#
....>###@# #.#
#.....@# #.#
#..........# #.# #.#
#.....##.### #.# #.#
......... .# #.# #.#
....##############.#
#.#
...?+..............#
#.# ###
#####..######### ..#
#......#


You could see Harold.

Vanquished Creatures
  Menkaure (D:6)
  A sky beast (D:6)
  3 centaurs
  A bullfrog (D:6)
  4 killer bees (D:5)
  4 wights (D:6)
  A howler monkey (D:5)
  2 hounds
  Crazy Yiuf (D:2)
  Jessica (D:2)
  A centaur skeleton (D:4)
  An iguana (D:4)
  Terence (D:3)
  Natasha (thrice) (D:3)
  5 worker ants
  11 adders
  3 gnolls
  2 shadow imps
  2 oozes
  A worm (D:2)
  3 dart slugs
  6 leopard geckos
  2 orcs
  6 giant cockroaches
  5 goblins
  8 hobgoblins
  12 jackals
  7 kobolds
  5 quokkas
  10 bats
  4 frilled lizards
  4 rats
  A spectral orc (D:3)
122 creatures vanquished.

Vanquished Creatures (others)
  An adder (D:4)
1 creature vanquished.

Grand Total: 123 creatures vanquished

Notes
Turn   | Place    | Note
-------+----------+-------------------------------------------
     0 | D:1      | Amnesiac the Mummy Air Elementalist began the quest for the Orb.
     0 | D:1      | Reached XP level 1. HP: 13/13 MP: 4/4
   236 | D:2      | Reached XP level 2. HP: 19/19 MP: 1/5
   367 | D:2      | Learned a level 2 spell: Swiftness
   452 | D:2      | Found a sparkling altar of Nemelex Xobeh.
   570 | D:3      | Reached XP level 3. HP: 17/24 MP: 0/7
   778 | D:3      | Found an ancient bone altar of Kikubaaqudgha.
   782 | D:3      | Found a snail-covered altar of Cheibriados.
   783 | D:3      | Became a worshipper of Kikubaaqudgha
   982 | D:2      | Reached XP level 4. HP: 30/30 MP: 2/9
   988 | D:2      | Learned a level 4 spell: Airstrike
  1226 | D:1      | Reached * piety under Kikubaaqudgha
  1226 | D:1      | Identified Kikubaaqudgha's Guide on Necromancy (Kikubaaqudgha gifted it to you on level 1 of the Dungeon)
  1226 | D:1      | Received a gift from Kikubaaqudgha
  1699 | D:2      | Found a runed door.
  1865 | D:2      | Noticed Jessica
  1871 | D:2      | Killed Jessica
  1871 | D:2      | Reached skill level 1 in Necromancy
  1871 | D:2      | Reached XP level 5. HP: 32/35 MP: 6/11
  2128 | D:2      | Noticed Crazy Yiuf
  2135 | D:2      | Killed Crazy Yiuf
  2208 | D:3      | Noticed Natasha
  2222 | D:3      | Killed Natasha
  2463 | D:3      | Noticed Natasha
  2475 | D:3      | Killed Natasha
  2511 | D:3      | Noticed Terence
  2512 | D:3      | Noticed Natasha
  2542 | D:3      | Killed Terence
  2542 | D:3      | Reached XP level 6. HP: 26/41 MP: 0/12
  2565 | D:3      | Killed Natasha
  2803 | D:3      | Found a basalt altar of Yredelemnul.
  2921 | D:4      | Reached ** piety under Kikubaaqudgha
  2925 | D:4      | Noticed an angel
  2926 | D:4      | Found a shimmering altar of Xom.
  2967 | D:4      | Found a burning altar of Makhleb.
  3319 | D:4      | Found a glowing silver altar of Zin.
  3370 | D:4      | Found a hazy altar of Hepliaklqana.
  3429 | D:4      | Found a sacrificial altar of Ru.
  3507 | D:5      | Entered Level 5 of the Dungeon
  3586 | D:5      | Found Mofaimae's Magic Scroll Shoppe.
  3668 | D:5      | Reached XP level 7. HP: 34/46 MP: 3/13
  3710 | D:5      | Reached skill level 5 in Air Magic
  3802 | D:5      | Reached skill level 5 in Spellcasting
  4085 | D:5      | Reached skill level 5 in Necromancy
  4238 | D:6      | Noticed Menkaure
  4247 | D:6      | Killed Menkaure
  4282 | D:6      | Reached XP level 8. HP: 32/52 MP: 0/16
  4437 | D:6      | Found a stormy altar of Qazlal.
  4717 | D:6      | Learned a level 3 spell: Vampiric Draining
  5002 | D:7      | Found a transporter.
  5168 | D:7      | Found a staircase to the Ecumenical Temple.
  5184 | D:7      | Noticed Harold
  5299 | D:7      | Found a transporter.
  5311 | D:7      | Found a white marble altar of Elyvilon.
  5418 | D:7      | Learned a level 5 spell: Lightning Bolt
  5435 | D:7      | Slain by Harold

Vault maps used:
D:1:      nicolae_arrival_somewhat_less_tricky_arrival, minmay_cupped
D:2:      nemelex_xobeh_ov_fountains_minmay, grunt_ministairs_13,
          uniq_crazy_yiuf_cottage, uniq_jessica
D:3:      cheibriados_altar_1, lemuel_crystal_altar,
          yredelemnul_forgotten_temple_becter, uniq_terence, uniq_natasha
D:4:      grunt_temple_overflow_order_and_chaos_1, bloody_makhleb,
          kennysheep_mini_moat, nicolae_ru_path_of_blood, first_ration
D:5:      serial_shops, kennysheep_little_box
D:6:      grunt_qazlal_sundering, uniq_menkaure
D:7:      gammafunk_cloud_chamber, nicolae_overflow_crystal_walls,
          minmay_temple_entry_from_below_a, serial_curves, eino_curves_02,
          eino_curves_01, uniq_harold

Skill      XL: |  1  2  3  4  5  6  7  8 |
---------------+-------------------------+-----
Spellcasting   | 3 4 5 6 |  6.5
Air Magic      | 3 4 5 6 |  6.6
Necromancy     | 1 3 4 5 |  5.9
Dodging        | |  1.5
Stealth        | |  1.5
Conjurations   | |  0.7

Action                   |  1- 3 |  4- 6 |  7- 9 || total
-------------------------+-------+-------+-------++-------
Melee: Unarmed           |     1 |       |       ||     1
       Whip              |     5 |    69 |    27 ||   101
 Cast: Shock             |    54 |   176 |    90 ||   320
       Airstrike         |       |       |    13 ||    13
       Vampiric Draining |       |       |     6 ||     6
Evoke: Wand              |       |       |     2 ||     2
Armor: Troll leather arm |    12 |    30 |    13 ||    55
Dodge: Dodged            |    24 |    88 |    50 ||   162

Table legend:
 A = Non-vault XP
 B = Vault XP
 C = Vault XP percentage of total XP
 D = Non-vault monster count
 E = Vault monster count
 F = Vault count percentage of total count
                 A         B        C        D         E       F
            +---------+---------+-------+---------+---------+-------
      Total |    1860 |     331 |  15.1 |     113 |       9 |   7.4
            +---------+---------+-------+---------+---------+-------
        D:1 |      54 |       1 |   1.8 |      26 |       1 |   3.7
        D:2 |      93 |      86 |  48.0 |      20 |       4 |  16.7
        D:3 |     158 |      72 |  31.3 |      19 |       3 |  13.6
        D:4 |     222 |       0 |   0.0 |      13 |       0 |   0.0
        D:5 |     517 |       0 |   0.0 |      15 |       0 |   0.0
        D:6 |     654 |     172 |  20.8 |      16 |       1 |   5.9
        D:7 |     162 |       0 |   0.0 |       4 |       0 |   0.0
            +---------+---------+-------+---------+---------+-------
